 Dungeon Crawl Stone Soup version 0.29.0-13-gc9e81de378 (webtiles) character file.

Game seed: 16620711715956442563

23767 freelancePsychic the Fighter (level 13, -3/184 (187) HPs)
             Began as a Meteoran Berserker on Sept 10, 2022.
             Was a Priest of Trog.
             Succumbed to a sea snake's poison
             ... on level 5 of the Lair of Beasts.
             The game lasted 00:26:32 (4095 turns).

freelancePsychic the Fighter (Meteoran Berserker)   Turns: 4095, Time: 00:26:32

HP:   -3/184 (187)  AC: 14    Str: 23    XL:     13   Next: 72%
MP:   14/14         EV: 16    Int:  9    God:    Trog [***...]
Gold: 448           SH:  0    Dex: 15    Spells: 12/12 levels left

rFire   + . .      SeeInvis .   o - +8 trident of the Octopus King {venom, rElec rPois}
rCold   + . .      Faith    +   (no shield)
rNeg    . . .      Spirit   .   h - +4 ring mail
rPois   +          Reflect  .   n - +0 helmet
rElec   +          Harm     .   (no cloak)
rCorr   .          Rampage  .   (no gloves)
Will    +++..                   H - +0 pair of boots
Stlth   ..........              y - amulet of faith
HPRegen 1.40/turn               k - ring of protection from fire
MPRegen 0.14/turn               u - ring of protection from cold

@: berserking, lethally poisoned (-3 -> -27), strong-willed (expiring),
regenerating (expiring), glowing, lightly drained, very quick
A: sense surroundings 2, otherworldly, glowing, explore regen
a: Renounce Religion, Berserk, Trog's Hand


You were on level 5 of the Lair of Beasts.
You worshipped Trog.
Trog was most pleased with you.
You visited 2 branches of the dungeon, and saw 16 of its levels.

You collected 448 gold pieces.

Inventory:

Hand Weapons
 a - a +1 hand axe of electrocution
 b - the +7 whip "Nunikh" {protect, rPois rF+}
   (You found it on level 3 of the Dungeon)

   It grants its wielder temporary protection when it strikes (+7 to AC).
   rF:        It protects you from fire.
   rPois:     It protects you from poison.
 o - the +8 trident of the Octopus King (weapon) {venom, rElec rPois}
   (You took it off Nessos on level 5 of the Lair of Beasts)

   It poisons the flesh of those it strikes.
   rElec:     It insulates you from electricity.
   rPois:     It protects you from poison.
Missiles
 x - 2 boomerangs of dispersal (quivered)
 F - 3 boomerangs
Armour
 h - a +4 ring mail (worn)
 n - a +0 helmet (worn)
 H - a +0 pair of boots (worn)
Jewellery
 d - a ring of protection from cold
 f - a ring of magical power
 j - a ring of resist corrosion
 k - a ring of protection from fire (left hand)
 s - a ring of ice
 u - a ring of protection from cold (right hand)
 y - an amulet of faith (around neck)
Wands
 v - a wand of flame (10)
Scrolls
 e - 3 scrolls of teleportation {@r4}
 g - 4 scrolls of vulnerability
 w - a scroll of enchant weapon
 C - a scroll of poison
 G - a scroll of identify {@r1}
Potions
 c - a potion of degeneration {unknown}
 i - 2 potions of might {unknown}
 l - 3 potions of curing {unknown}
 p - a potion of haste {@q3}
 t - a potion of cancellation {unknown}
 z - a potion of attraction {unknown}
 A - a potion of invisibility {unknown}
 B - a potion of resistance {unknown}


   Skills:
 + Level 14.8 Fighting
 - Level 9.8(11.5) Axes
 - Level 9.9(12.0) Maces & Flails
 * Level 3.5(7.1) Polearms
 - Level 10.9 Armour
 - Level 10.9 Dodging
 - Level 4.1 Evocations


You had 12 spell levels left.
You didn't know any spells.
Your spell library was empty.

Dungeon Overview and Level Annotations

Branches:
Dungeon (11/15) Zot: 4614  Temple (0/1) D:7            Lair (5/5) D:9 Zot: 1096
  Slime (0/5) Lair:5
  Swamp: Lair:2-3    Shoals: Lair:2-3     Snake: Lair:2-3    Spider: Lair:2-3
    Orc: D:9-12

Altars:
Fedhas
Kikubaaqudgha

Shops:
D:1 !

Annotations:
D:11 Snorg


Innate Abilities, Weirdness & Mutations

You passively map the area around you.
You are easily found by Zot.
You glow in the dark.
You regain HP and MP as you explore.


Message History

The sea snake closely misses you.
You closely miss the sea snake.
The sea snake is lightly wounded.
The sea snake barely misses you.
You hit the sea snake.
The sea snake looks as sick as possible!
The sea snake is lightly wounded.
The sea snake bites you!
* * * LOW HITPOINT WARNING * * *
You puncture the sea snake!
The sea snake looks as sick as possible!
The sea snake is heavily wounded.
The sea snake closely misses you.
You miss the sea snake.
The sea snake is severely wounded.
You feel the effects of Trog's Hand fading.
The sea snake bites you!
* * * LOW HITPOINT WARNING * * *
The sea snake bites you but does no damage.
You puncture the sea snake!
The sea snake looks as sick as possible!
The sea snake is severely wounded.
The sea snake bites you.
* * * LOW HITPOINT WARNING * * *
You are lethally poisoned!
The sea snake poisons you!
A red film seems to cover your vision as you go berserk!
You feel yourself moving faster!
You feel mighty!
* * * LOW HITPOINT WARNING * * *
You feel extremely sick. The sea snake barely misses you.
You barely miss the sea snake.
The sea snake is severely wounded.
* * * LOW HITPOINT WARNING * * *
You feel very sick. The sea snake misses you.
You puncture the sea snake!
You kill the sea snake!
Trog accepts your kill.
You die...

..............................P..
........#..................S..P..
........##......<............PP..
.........................).†.....
.....................S...........
P.............##.................
.#............##.#.............P.
###.P.........####..............#
* #P##........##@#..............#
###........####†...............
##........##.#..............#
#..[....####..............##
#.......# ##.............#
######### ###############


There were no monsters in sight!

Vanquished Creatures
  Nessos (Lair:5)
  3 hydras
  The ghost of quinnr the Devastator, a journeyman TeCj (Lair:1)
  Erica (Lair:1)
  A merfolk avatar (Lair:5)
  A sea snake (Lair:5)
  A lindwurm (Lair:5)
  A harpy (Lair:5)
  A manticore (Lair:5)
  5 elephants (Lair:3)
  A torpor snail (Lair:4)
  4 cane toads
  An unseen horror (D:10)
  A komodo dragon (Lair:4)
  A kobold demonologist (D:10)
  5 rime drakes
  18 blink frogs
  2 polar bears
  A hornet (D:9)
  2 slime creatures (Lair:5)
  A basilisk (Lair:4)
  2 shadows (D:10)
  A wyvern (Lair:1)
  20 yaks
  A steam dragon (Lair:5)
  Grum (D:8)
  3 water moccasins
  3 orc warriors
  8 wolves
  A centaur (D:9)
  A phantom (D:5)
  The ghost of Dazliare the Sneak, an amateur KoDe of Zin (D:5)
  Blork the orc (D:4)
  7 bullfrogs
  2 necrophages
  2 scorpions (D:4)
  4 jellies
  A centaur zombie (D:5)
  3 orc priests
  3 hounds
  A gnoll bouda (D:6)
  An iguana (D:5)
  4 orc wizards
  2 hell rats (Lair:5)
  A killer bee zombie (D:5)
  Robin (D:4)
  An adder (D:5)
  7 gnolls (D:6)
  A white imp (D:8)
  A worm (D:2)
  3 dart slugs
  38 orcs
  5 ball pythons
  2 bats
  2 endoplasms
  3 giant cockroaches
  13 goblins
  9 hobgoblins
  2 jackals (D:1)
  2 quokkas
  A frilled lizard (D:2)
  6 kobolds
  A rat (D:1)
225 creatures vanquished.

Vanquished Creatures (collateral kills)
  2 hydras (Lair:5)
  A harpy (Lair:5)
  A komodo dragon (Lair:5)
  A polar bear (Lair:5)
  2 hornets (Lair:5)
  A blink frog (Lair:5)
  2 water moccasins (Lair:5)
10 creatures vanquished.

Vanquished Creatures (others)
  7 demonic plants (D:2)
  23 fungi
  40 plants
  3 withered plants (D:2)
73 creatures vanquished.

Grand Total: 308 creatures vanquished

Notes
Turn   | Place    | Note
-------+----------+-------------------------------------------
     0 | D:1      | freelancePsychic the Meteoran Berserker began the quest for
                  | the Orb.
     0 | D:1      | Reached XP level 1. HP: 19/19 MP: 2/2
    47 | D:1      | Reached XP level 2. HP: 19/26 MP: 3/3
    51 | D:1      | Found Hyogat's Distillery.
   146 | D:2      | Reached XP level 3. HP: 26/31 MP: 4/4
   310 | D:3      | Identified the +7 whip "Nunikh" {protect, rPois rF+}
   329 | D:4      | Noticed a scorpion
   333 | D:4      | Killed a scorpion
   334 | D:4      | Reached skill level 4 in Fighting
   334 | D:4      | Reached skill level 5 in Axes
   334 | D:4      | Reached XP level 4. HP: 40/40 MP: 5/5
   335 | D:4      | Reached XP level 5. HP: 46/46 MP: 6/6
   338 | D:4      | Noticed Blork the orc
   398 | D:4      | Killed Blork the orc
   421 | D:4      | Noticed a necrophage
   435 | D:4      | Reached XP level 6. HP: 52/53 MP: 7/7
   500 | D:4      | Noticed Robin
   507 | D:4      | Reached ** piety under Trog
   508 | D:4      | Reached skill level 5 in Fighting
   513 | D:4      | Killed Robin
   558 | D:4      | Found a blossoming altar of Fedhas.
   580 | D:4      | Reached XP level 7. HP: 61/61 MP: 8/8
   601 | D:5      | Entered Level 5 of the Dungeon
   728 | D:5      | Found a runed translucent gate.
   728 | D:5      | Found a runed translucent gate.
   728 | D:5      | Found a runed translucent gate.
   740 | D:5      | Noticed Dazliare's ghost (amateur KoDe)
   761 | D:5      | Killed Dazliare's ghost
   811 | D:5      | Reached XP level 8. HP: 69/70 MP: 9/9
   830 | D:5      | Reached skill level 1 in Evocations
   974 | D:5      | Reached skill level 6 in Fighting
  1020 | D:6      | Reached *** piety under Trog
  1064 | D:6      | Found an ancient bone altar of Kikubaaqudgha.
  1151 | D:8      | Noticed Grum
  1159 | D:8      | Killed Grum
  1172 | D:8      | Gained mutation: You passively map the area around you.
                  | [Meteoran growth]
  1172 | D:8      | Reached XP level 9. HP: 76/78 MP: 10/10
  1193 | D:7      | Found a staircase to the Ecumenical Temple.
  1225 | D:8      | Reached skill level 1 in Maces & Flails
  1380 | D:9      | Found a staircase to the Lair.
  1392 | D:9      | Noticed a hornet
  1400 | D:9      | Killed a hornet
  1401 | D:9      | Reached skill level 7 in Fighting
  1506 | D:10     | Entered Level 10 of the Dungeon
  1507 | D:10     | Noticed a kobold demonologist
  1508 | D:10     | Noticed a sixfirhy
  1576 | D:10     | Noticed a sixfirhy
  1584 | D:10     | Killed a kobold demonologist
  1765 | D:10     | Reached skill level 8 in Fighting
  1773 | D:10     | Reached XP level 10. HP: 88/88 MP: 11/11
  1820 | D:10     | Killed an unseen horror
  1924 | D:11     | Noticed Snorg
  1959 | D:9      | Reached skill level 9 in Fighting
  1968 | Lair:1   | Entered Level 1 of the Lair of Beasts
  1968 | Lair:1   | Noticed Erica
  1989 | Lair:1   | Killed Erica
  1990 | Lair:1   | Reached skill level 10 in Fighting
  2067 | Lair:1   | Reached skill level 11 in Fighting
  2067 | Lair:1   | Reached XP level 11. HP: 76/102 MP: 12/12
  2324 | Lair:1   | Found a runed translucent gate.
  2324 | Lair:1   | Found a runed translucent gate.
  2325 | Lair:1   | Found a runed translucent gate.
  2326 | Lair:1   | Noticed a minotaur
  2327 | Lair:1   | Noticed quinnr's ghost (journeyman TeCj)
  2365 | Lair:1   | Killed quinnr's ghost
  2366 | Lair:1   | Reached skill level 12 in Fighting
  2366 | Lair:1   | Reached skill level 5 in Armour
  2366 | Lair:1   | Reached skill level 5 in Dodging
  2565 | Lair:2   | Reached XP level 12. HP: 91/113 MP: 13/13
  2691 | Lair:4   | Noticed a four-headed hydra
  2725 | Lair:4   | Killed a one-headed hydra
  2838 | Lair:4   | Reached skill level 13 in Fighting
  3108 | Lair:3   | Reached **** piety under Trog
  3321 | Lair:5   | Entered Level 5 of the Lair of Beasts
  3321 | Lair:5   | Noticed a four-headed hydra
  3401 | Lair:5   | Found a staircase to the Slime Pits.
  3421 | Lair:5   | Reached XP level 13. HP: 96/123 MP: 14/14
  3480 | Lair:5   | Killed a one-headed hydra
  3522 | Lair:5   | Noticed a four-headed hydra
  3539 | Lair:5   | Killed a four-headed hydra
  3540 | Lair:5   | Reached skill level 14 in Fighting
  3627 | Lair:5   | Reached skill level 10 in Armour
  3627 | Lair:5   | Reached skill level 10 in Dodging
  3685 | Lair:5   | Noticed Nessos
  3687 | Lair:5   | Noticed a five-headed hydra
  3689 | Lair:5   | Killed a five-headed hydra
  3704 | Lair:5   | Noticed an eight-headed hydra
  3706 | Lair:5   | Killed an eight-headed hydra
  3765 | Lair:5   | Noticed a merfolk avatar
  3778 | Lair:5   | Killed a merfolk avatar
  3780 | Lair:5   | Killed Nessos
  3784 | Lair:5   | HP: 1/125 [blink frog (10)]
  3792 | Lair:5   | Reached skill level 1 in Polearms
  4053 | Lair:5   | HP: 2/123 [komodo dragon (11)]
  4093 | Lair:5   | HP: 7/184 [poisoned by a sea snake]
  4094 | Lair:5   | HP: 2/184 [poisoned by a sea snake]
  4095 | Lair:5   | Succumbed to a sea snake's poison

Illustrated notes

Levels and vault maps discovered:
D:1:      onia_arrival_mini_maze_b, layout_basic, serial_shops,
          nicolae_shop_advertising_works [nicolae_subvault_shop_adworks],
          nicolae_shop_behind_doors
D:2:      layout_basic, shapermc_ecumenical_altar_gd
D:3:      layout_rooms, serial_forest, infiniplex_forest_clump_small,
          infiniplex_forest_clump_medium, infiniplex_forest_corner_1,
          infiniplex_forest_clump_small, infiniplex_forest_straight_3,
          infiniplex_forest_clump_small, infiniplex_forest_clump_long,
          infiniplex_forest_lined_4_way, infiniplex_forest_zigzag_1,
          infiniplex_forest_clump_medium, chequers_big_river
D:4:      layout_cave_pools, mainiacjoe_overflow_alcove_1, uniq_blork_the_orc,
          uniq_robin
D:5:      corexii_shantytown, layout_basic, gammafunk_ghost_necromancy
D:6:      layout_basic, mainiacjoe_overflow_surrounded_room,
          nicolae_overflow_hidden_temple
D:7:      layout_basic, minmay_temple_entry_arrows, uniq_pikel, uniq_joseph,
          uniq_duvessa
D:8:      layout_cave_pods, uniq_amaemon, uniq_grum
D:9:      layout_layer_cave, lair_entry_dummy
D:10:     layout_roguey [special_room_orc], corner_web_ring
D:11:     layout_grid_maze, orc_0_dummy, nrook_campfire, uniq_snorg
Lair:1:   beast_lair_carwin_large_1, layout_concentric_octagons,
          maelrawn_ghost_gauntlet_escape, uniq_erica, uniq_sonja
Lair:2:   layout_gridlike, spider_nest_entry_funnel_web, ldierk_geyser
Lair:3:   minmay_lair_oklob_tunnel, layout_cellular_growth, shoals_dummy_entry
Lair:4:   layout_big_grid, serial_bayou_crossing
Lair:5:   gammafunk_lair_ancient_temple, layout_hall_layers,
          minmay_slime_entry_pillars, minivault_11, kennysheep_rathole,
          uniq_nessos

Skill      XL: |  1  2  3  4  5  6  7  8  9 10 11 12 13 |
---------------+----------------------------------------+-----
Axes           | 4 5 6 7 8 9 |  9.8
Fighting       | 4 5 6 8 11 12 13 14 | 14.8
Evocations     | 3 4 |  4.1
Maces & Flails | 7 9 |  9.9
Dodging        | 6 9 10 | 10.9
Armour         | 6 9 10 | 10.9
Polearms       | 3 |  3.5

Action                   |  1- 3 |  4- 6 |  7- 9 | 10-12 | 13-15 || total
-------------------------+-------+-------+-------+-------+-------++-------
Melee: Hand axe          |    57 |       |       |     4 |     4 ||    65
       Whip              |     6 |    45 |   274 |   590 |   105 ||  1020
       Punch             |       |       |     8 |     7 |     4 ||    19
       Trident           |       |       |       |       |    40 ||    40
Throw: Throwing net      |       |       |     1 |       |       ||     1
       Boomerang         |       |       |       |     1 |       ||     1
Invok: Berserk           |     3 |     2 |     8 |     5 |     1 ||    19
       Trog's Hand       |       |       |     3 |     8 |     6 ||    17
       Brothers in Arms  |       |       |       |       |     1 ||     1
Evoke: Wand              |       |       |       |     1 |    11 ||    12
  Use: Scroll            |     4 |     2 |     6 |     3 |     5 ||    20
       Potion            |       |     1 |       |     1 |     2 ||     4
Armor: Animal skin       |    13 |       |       |       |       ||    13
       Ring mail         |     4 |    16 |   134 |   189 |    46 ||   389
Dodge: Dodged            |    29 |    19 |   137 |   159 |   107 ||   451
